AoeStats
← darador86

Black Forest

510929095Analyzed
4v4 RM · 7h ago on Oct 3, 2026· 97m 12s· 8 players
Game mode
Random Map
Map size
Large (8 player)
Population
200
Speed
Normal
Resources
Standard
Victory
Conquest
Starting age
Dark Age
Ending age
Imperial Age
RankedLock teamsTeams togetherTeam positionsShared explorationLock speedFull tech treeHidden civsTurbo modeCheats
Victory
Defeat
🇺🇸 Persians · United States
766
+11
🇺🇸 Saxons · United States
723
+13
🇺🇸 Khmer · United States
668
+15
🇺🇸 Spanish · United States
610
+19
🇦🇷 Huns · Argentina
684
-15
🇮🇩 Danes · Indonesia
667
-15
🇺🇸 Turks · United States
666
-15
🇧🇴 Bengalis · Bolivia
617
-13
isthisthingon
1:40 Loom
13:28 Feudal Age
14:26 Horse Collar
15:08 Double-Bit Axe
22:32 Castle Age
21:43 Gold Mining
25:08 Gold Shaft Mining
25:25 Bow Saw
26:44 Fortified Wall
27:24 Heavy Plow
28:17 Town Watch
31:25 Murder Holes
32:51 Wheelbarrow
33:46 Forging
33:33 Stone Mining
38:48 Imperial Age
38:06 Hand Cart
39:02 Iron Casting
38:18 Fletching
39:49 Heavy Scorpion
42:01 Two-Man Saw
42:11 Ballistics
42:02 Masonry
42:57 Blast Furnace
42:59 Elite Janissary
44:20 Husbandry
44:49 Bloodlines
46:41 Scale Barding Armor
46:37 Padded Archer Armor
48:45 Architecture
48:37 Bombard Tower
51:11 Artillery
55:20 Squires
55:42 Caravan
57:10 Hoardings
58:06 Scale Mail Armor
57:50 Treadmill Crane
63:38 Sipahi
65:11 Thumb Ring
64:27 Heavy Cavalry Archer
65:32 Parthian Tactics
66:07 Conscription
69:37 Bodkin Arrow
darador86
11:59 Feudal Age
12:48 Double-Bit Axe
13:08 Horse Collar
17:15 Castle Age
18:44 Bow Saw
19:48 Gold Mining
19:56 Stone Mining
22:21 Heavy Plow
23:01 Gold Shaft Mining
22:34 Town Watch
23:32 Wheelbarrow
23:49 Town Patrol
25:57 Hand Cart
28:29 Ballistics
28:08 Murder Holes
28:24 Masonry
28:28 Scale Barding Armor
28:24 Scale Mail Armor
30:01 Caravan
33:55 Imperial Age
32:34 Forging
32:14 Fletching
32:25 Padded Archer Armor
32:53 Marauders
33:43 Pikeman
34:24 Squires
33:59 Elite Tarkan
35:01 Atheism
35:02 Conscription
35:32 Leather Archer Armor
35:12 Bodkin Arrow
35:53 Iron Casting
35:33 Chain Mail Armor
35:38 Chain Barding Armor
37:25 Husbandry
37:38 Bloodlines
38:39 Chain Barding Armor
39:23 Blast Furnace
38:32 Bracer
43:23 Thumb Ring
44:50 Two-Man Saw
47:04 Parthian Tactics
46:01 Elite Skirmisher
59:48 Chemistry
59:27 Plate Barding Armor
70:15 Heavy Cavalry Archer
ALARAK
6:14 Loom
11:47 Feudal Age
13:28 Double-Bit Axe
17:51 Gold Mining
20:52 Castle Age
19:14 Horse Collar
19:27 Gold Mining
23:50 Caravan
26:54 Scale Barding Armor
29:29 Paiks
32:39 Padded Archer Armor
32:29 Fletching
32:52 Heavy Plow
33:05 Stone Mining
33:53 Gold Shaft Mining
33:43 Ballistics
34:08 Leather Archer Armor
33:51 Bodkin Arrow
38:14 Imperial Age
36:34 Wheelbarrow
38:13 Bow Saw
38:38 Chain Barding Armor
38:19 Scale Mail Armor
39:34 Ring Archer Armor
39:04 Bracer
39:20 Chain Mail Armor
40:09 Chemistry
40:28 Mahayana
39:28 Elite Ratha (Ranged)
40:29 Conscription
40:54 Plate Barding Armor
41:10 Husbandry
40:31 Elite Battle Elephant
40:44 Elite Elephant Archer
43:35 Crop Rotation
43:23 Hand Cart
42:55 Town Watch
43:00 Elite Battle Elephant
43:52 Bloodlines
47:01 Town Patrol
49:33 Two-Man Saw
53:33 Devotion
53:53 Elite Skirmisher
64:18 Pikeman
64:59 Squires
65:06 Halberdier
67:06 Light Cavalry
68:14 Gambesons
75:29 Faith
75:15 Herbal Medicine
87:40 Forging
BlueGuardian
1:22 Loom
13:01 Feudal Age
13:36 Double-Bit Axe
13:32 Horse Collar
19:26 Castle Age
18:05 Gold Mining
18:06 Stone Mining
19:14 Wheelbarrow
21:26 Bow Saw
21:17 Heavy Plow
28:51 Ballistics
32:02 Imperial Age
29:24 Pikeman
30:35 Forging
30:26 Scale Mail Armor
31:45 Caravan
32:16 Onager
33:39 Gold Shaft Mining
33:55 Iron Casting
33:43 Halberdier
34:26 Squires
35:34 Siege Engineers
35:15 Hamask
36:24 Northmen's Fury
36:48 Northmen's Fury
36:51 Siege Onager
38:50 Conscription
39:09 Elite Jomsviking
43:03 Man-at-Arms
45:24 Blast Furnace
44:41 Chain Mail Armor
47:42 Plate Mail Armor
50:34 Long Swordsman
52:16 Two-Handed Swordsman
53:43 Champion
54:46 Gambesons
56:33 Arson
C2E7W
5:18 Loom
12:39 Feudal Age
13:09 Town Watch
13:17 Double-Bit Axe
14:38 Horse Collar
15:48 Gold Mining
17:20 Wheelbarrow
19:09 Wheelbarrow
22:13 Castle Age
20:33 Stone Mining
21:08 Fletching
21:55 Padded Archer Armor
23:03 Bodkin Arrow
22:36 Crossbowman
24:32 Leather Archer Armor
25:04 Gold Shaft Mining
25:27 Bow Saw
27:15 Heavy Plow
28:05 Caravan
28:29 Hand Cart
28:47 Squires
28:35 Arson
29:22 Scale Mail Armor
30:22 Chain Mail Armor
35:07 Imperial Age
32:30 Gambesons
34:00 Sanctity
34:32 Forging
34:50 Thumb Ring
35:06 Treadmill Crane
35:51 Ballistics
35:14 Elite Varangian Guard
37:30 Siege Engineers
37:29 Bracer
38:02 Plate Mail Armor
38:59 Conscription
38:03 Elite Hearth Troop
39:35 Iron Casting
39:16 Shield Wall
41:06 Arbalester
43:21 Town Patrol
43:24 Bracer
45:38 Crop Rotation
46:12 Two-Man Saw
44:37 Pikeman
47:23 Ring Archer Armor
46:54 Halberdier
48:23 Hoardings
48:02 Scale Barding Armor
49:02 Chemistry
49:02 Clerical Recruitment
50:54 Devotion
51:17 Masonry
52:26 Murder Holes
54:53 Architecture
60:06 Coinage
63:25 Heavy Scorpion
67:41 Banking
71:04 Redemption
77:56 Onager
84:10 Bloodlines
88:01 Guilds
89:19 Husbandry
88:42 Light Cavalry
88:45 Cavalier
89:49 Chain Barding Armor
93:29 Hussar
95:12 Capped Ram
95:25 Elite Skirmisher
96:39 Illumination
elsack19
0:28 Loom
16:32 Feudal Age
17:32 Horse Collar
18:30 Double-Bit Axe
24:50 Castle Age
25:33 Heavy Plow
26:23 Caravan
28:03 Bow Saw
31:05 Imperial Age
28:46 Gold Mining
30:54 Bloodlines
32:32 Town Watch
33:54 Wheelbarrow
33:54 Scale Barding Armor
35:22 Ballistics
36:40 Crop Rotation
36:58 Chain Barding Armor
37:36 Husbandry
38:48 Chemistry
39:11 Siege Engineers
40:10 Conscription
40:52 Town Patrol
41:51 Plate Barding Armor
44:40 Double Crossbow
45:36 Murder Holes
45:53 Masonry
45:45 Elite Ballista Elephant
46:28 Fletching
48:14 Fortified Wall
48:52 Gold Shaft Mining
49:28 Tusk Swords
50:04 Hoardings
51:20 Hand Cart
50:46 Elite Battle Elephant
52:38 Architecture
56:07 Bodkin Arrow
56:24 Forging
56:57 Light Cavalry
59:28 Hussar
60:48 Iron Casting
69:00 Blast Furnace
68:01 Bracer
89:31 Padded Archer Armor
89:32 Scale Mail Armor
89:38 Stone Mining
91:04 Guard Tower
91:25 Careening
91:26 Clinker Construction
91:30 Redemption
91:21 Devotion
91:32 Fervor
91:47 Illumination
91:18 Herbal Medicine
91:59 Theocracy
91:44 Sanctity
91:55 Cavalier
98:11 Faith
GorgonTheGreat
1:41 Loom
12:58 Feudal Age
16:43 Castle Age
15:13 Double-Bit Axe
15:58 Horse Collar
16:36 Stone Mining
23:19 Heavy Plow
26:04 Kamandaran
27:14 Padded Archer Armor
27:05 Fletching
27:56 Bow Saw
28:36 Wheelbarrow
29:58 Hand Cart
29:47 Crossbowman
30:27 Bodkin Arrow
32:38 Leather Archer Armor
32:33 Thumb Ring
32:51 Forging
36:32 Imperial Age
38:00 Chemistry
37:25 Ballistics
38:26 Conscription
37:51 Pikeman
38:31 Squires
37:56 Light Cavalry
38:47 Bloodlines
38:38 Husbandry
39:13 Ring Archer Armor
38:50 Scale Barding Armor
38:55 Forging
40:23 Hussar
41:28 Chain Barding Armor
41:25 Citadels
41:37 Conscription
41:19 Halberdier
48:36 Scale Mail Armor
55:19 Two-Man Saw
54:16 Gold Mining
71:11 Conscription
redrazer7
1:30 Loom
14:12 Feudal Age
20:05 Castle Age
19:15 Double-Bit Axe
19:42 Horse Collar
28:22 Bow Saw
28:22 Scale Barding Armor
28:50 Husbandry
29:19 Caravan
30:19 Chain Barding Armor
31:21 Inquisition
31:35 Bloodlines
31:21 Stone Mining
31:24 Gold Mining
31:47 Forging
33:23 Heavy Plow
33:24 Light Cavalry
35:20 Wheelbarrow
35:49 Iron Casting
38:36 Imperial Age
37:01 Hand Cart
37:40 Devotion
38:01 Fervor
38:13 Masonry
40:46 Two-Man Saw
40:49 Blast Furnace
39:32 Elite Conquistador
40:34 Conscription
40:41 Block Printing
40:58 Faith
40:20 Elite Skirmisher
41:06 Thumb Ring
40:30 Pikeman
41:42 Guilds
42:40 Chemistry
41:34 Fletching
41:34 Cavalier
42:19 Hussar
43:31 Illumination
43:28 Heresy
43:58 Paladin
44:53 Squires
45:12 Scale Mail Armor
46:09 Architecture
45:16 Halberdier
45:43 Gambesons
48:02 Redemption
48:18 Sanctity
49:00 Chain Mail Armor
49:29 Plate Barding Armor
50:32 Bodkin Arrow
51:27 Stone Shaft Mining
51:41 Ballistics
51:42 Bombard Tower
52:14 Chain Mail Armor
52:03 Bracer
54:10 Theocracy
53:39 Atonement
55:14 Plate Mail Armor
54:46 Padded Archer Armor
55:00 Fortified Wall
54:50 Murder Holes
56:08 Fortified Wall
59:43 Man-at-Arms
61:05 Arrowslits
60:46 Heavy Mounted Crossbowman
61:44 Leather Archer Armor
61:29 Herbal Medicine
63:27 Long Swordsman
63:54 Arson
65:16 Two-Handed Swordsman
67:17 Champion
70:04 Guard Tower
70:48 Ring Archer Armor
70:52 Coinage
70:48 Supremacy
72:04 Banking
72:19 Hoardings
72:37 Sappers
72:57 Town Watch
74:01 Town Patrol
73:33 Capped Ram
73:36 Onager
75:31 Keep
91:07 Siege Ram
96:14 Clinker Construction
Connection lost

Rejoining the realm…

Still unreachable

The connection could not be restored.

Session expired

The server has moved on; the page needs a fresh start.